Map: Overgrown Facility

Players

RainMaker - Winner!

  • Race: Terran Terran
  • Spawn Location: 9:00

Adversity - Winner!

  • Race: Terran Terran
  • Spawn Location: 7:00

CerealKiller

  • Race: Zerg Zerg
  • Spawn Location: 3:00

thicc

  • Race: Protoss Protoss
  • League: Master
  • Spawn Location: 1:00

VOD

Have the link to the VOD?

Description

Time

  • Played on: Aug. 30, 2018, 3:17 p.m.
  • Length: 10:21
Show
View Real Time Build Order
Export as new Build Order

RainMaker Terran - Winner!

Build Orders: Cyclone Opening 

Get SALT Encoding   

  12  0:01  SCV  
  13  0:13  SCV  
  14  0:20  Supply Depot  
  14  0:25  SCV  
  15  0:30  Refinery  
  15  0:42  SCV  
  16  0:46  Barracks  
  16  0:54  SCV  
  17  0:59  Refinery  
  17  1:06  SCV  
  18  1:18  SCV  
  19  1:33  Orbital Command  
  19  1:39  Factory  
  19  1:40  Barracks Reactor  
  19  1:47  Supply Depot  
  19  1:59  SCV  
  20  2:11  SCV  
  21  2:33  Cyclone  
  21  2:34  Cyclone  
  27  2:38  Supply Depot  
  27  2:46  Barracks Reactor  
  27  2:48  Factory  
  27  2:50  SCV  
  28  3:02  SCV  
  28  3:03  Supply Depot  
  29  3:14  Cyclone, SCV  
  29  3:18  Cyclone  
  36  3:26  SCV  
  37  3:30  Supply Depot  
  37  3:43  Cyclone, Hellion  
  42  3:51  Hellion x2  
  46  4:04  Cyclone  
  49  4:12  Hellion x2  
  47  4:29  SCV  
Show
View Real Time Build Order
Export as new Build Order

Adversity Terran - Winner!

Build Orders:  

Get SALT Encoding   

  12  0:00  SCV  
  13  0:13  SCV  
  14  0:20  Supply Depot  
  14  0:25  SCV  
  15  0:32  Refinery  
  15  0:41  SCV  
  16  0:48  Barracks  
  16  0:53  SCV  
  17  1:07  Barracks  
  17  1:19  Barracks  
  17  1:22  SCV  
  18  1:35  Reaper  
  19  1:42  Orbital Command  
  19  1:51  Refinery  
  19  1:56  Reaper  
  20  2:07  Reaper  
  20  2:08  Supply Depot  
  21  2:11  Reaper  
  21  2:15  SCV  
  23  2:29  Reaper  
  24  2:32  SCV  
  24  2:33  Supply Depot  
  25  2:41  Reaper  
  26  2:44  SCV  
  27  2:54  Reaper  
  27  2:56  SCV  
  29  3:06  Reaper  
  30  3:15  Command Center  
  30  3:17  SCV  
  30  3:18  Reaper  
  32  3:26  Reaper  
  33  3:32  SCV  
  34  3:38  Reaper  
  35  3:50  Reaper  
  34  3:58  Reaper  
  35  4:10  Reaper  
  36  4:22  Reaper  
  35  4:28  SCV  
  35  4:29  Orbital Command  
  37  4:31  Command Center  
  37  4:41  Barracks  
  37  4:43  Barracks  
  37  4:44  Barracks  
  36  4:45  Barracks  
  36  4:46  Barracks  
  36  4:47  Barracks  
  36  4:51  Barracks Tech Lab  
  36  4:56  Factory, Engineering Bay x2, Barracks Reactor, Supply Depot  
  36  4:57  Marine  
  36  5:00  SCV x2  
  38  5:12  Marine, SCV  
  40  5:15  Stimpack  
  40  5:16  SCV  
  41  5:24  SCV  
  41  5:28  SCV  
  40  5:36  SCV  
  40  5:41  Marine x5, Marauder  
  40  5:42  Marine x4  
  47  5:43  Factory Reactor, Starport  
  47  5:45  Terran Infantry Armor Level 1, Terran Infantry Weapons Level 1  
  47  5:49  Armory  
  47  5:51  Supply Depot  
  47  5:53  SCV x2  
  49  5:59  Supply Depot, Marine x2  
  49  6:00  Barracks, Supply Depot  
  49  6:01  Supply Depot, Barracks Reactor x3  
  49  6:02  Barracks Reactor, Barracks Tech Lab x2  
  51  6:08  Marauder  
  52  6:12  Barracks Tech Lab  
  52  6:16  Marine  
  52  6:17  Marine  
  54  6:22  Marauder x2, Concussive Shells  
  57  6:45  Marauder  
  57  6:46  Marine, Barracks Tech Lab  
  60  6:47  Combat Shield  
  60  6:49  Marine, Barracks Reactor  
  60  6:50  Marine x9  
  70  7:00  Marauder  
  72  7:02  Medivac x2  
  72  7:03  SCV  
  72  7:04  SCV  
  72  7:07  Marauder  
  82  7:08  Supply Depot, Marauder  
  82  7:09  Supply Depot  
  82  7:11  Supply Depot  
  82  7:15  Marine  
  82  7:16  Marine x4  
  82  7:20  Marauder  
  82  7:21  SCV x2  
  82  7:22  Marine, Marauder  
  94  7:28  Supply Depot  
  94  7:30  Marine  
  94  7:32  Medivac x2  
  94  7:36  Marauder x2  
  103  7:38  Marine x4  
  103  7:39  Marine x4  
  103  7:42  Missile Turret  
  111  7:45  Supply Depot  
  111  7:46  Supply Depot, Marine x4  
  111  7:48  Terran Infantry Weapons Level 2, Terran Infantry Armor Level 2  
  106  8:05  Marine x2  
  85  8:06  Marine x4, Marauder x3  
  85  8:07  Marauder  
  88  8:21  Marine x4  
  88  8:22  Marine x2  
  88  8:23  Medivac  
  88  8:24  Medivac  
  88  8:25  Marine x4  
  98  8:27  Marauder  
  98  8:28  Marauder x3  
  98  8:29  Marine  
  98  8:30  Marine  
  108  8:39  Marine  
  109  8:43  Marine x2  
  109  8:46  Marine x6  
  117  8:48  Marine  
  117  8:49  Marine, Marauder x2  
  123  8:57  Command Center  
  123  8:58  Medivac  
  123  8:59  Medivac, Marine x4  
  131  9:05  Marine x4  
  131  9:06  Marine x2  
  137  9:10  Marauder  
  130  9:26  Marine x6, Marauder  
  130  9:27  Marine x2, Marauder x2  
  141  9:33  Marine  
  142  9:40  Supply Depot  
  142  9:42  Marine  
  141  9:46  Supply Depot, SCV  
  141  9:47  Supply Depot x3  
  142  9:56  SCV  
  142  9:58  Marauder x3  
  142  9:59  Marauder  
Show
View Real Time Build Order
Export as new Build Order

CerealKiller Zerg 

Build Orders: Hatch First 

Get SALT Encoding   

  12  0:02  Drone  
  13  0:10  Drone  
  14  0:18  Overlord  
  14  0:38  Drone x3  
  17  0:58  Hatchery  
  17  1:01  Drone  
  17  1:09  Drone  
  18  1:17  Spawning Pool  
  17  1:21  Extractor  
  17  1:22  Drone  
  17  1:27  Drone  
  18  1:34  Drone  
  19  1:55  Drone, Overlord  
  20  2:03  Queen  
  22  2:11  Zergling x2  
  22  2:12  Zergling x2  
  23  2:30  Queen  
  23  2:33  Metabolic Boost  
  23  2:35  Zergling x4  
  27  2:41  Queen  
  29  2:47  Roach Warren  
  29  2:50  Drone  
  29  3:01  Drone  
  30  3:15  Zergling x4  
  30  3:16  Drone x2  
  34  3:23  Overlord  
  34  3:32  Drone x2  
  34  3:33  Lair  
  34  3:45  Zergling x10  
  36  3:49  Roach  
  38  3:56  Zergling x6  
  40  4:09  Zergling x8  
  39  4:19  Roach  
  39  4:20  Roach  
  39  4:23  Zergling x2  
  39  4:24  Zergling x4  
  41  4:34  Zergling x8  
  40  4:40  Roach  
  41  4:47  Queen  
  43  4:54  Overlord  
  39  5:21  Roach x3  
  34  5:30  Zergling x6  
  34  5:35  Zergling x10  
  42  5:43  Glial Reconstitution  
  42  5:45  Drone x2  
  44  6:08  Overlord  
  44  6:16  Overlord  
  44  6:22  Hatchery  
  43  6:31  Drone x2  
  43  6:32  Drone x3  
  47  6:41  Drone x2  
  47  6:44  Drone  
  47  6:45  Baneling Nest, Drone  
  50  6:48  Extractor  
  50  6:51  Drone x2  
  50  6:52  Drone x2  
  53  7:00  Drone x4  
  57  7:05  Evolution Chamber  
  56  7:14  Extractor  
  55  7:16  Zergling x8  
  55  7:18  Extractor  
  58  7:24  Zergling x2  
  58  7:25  Overlord x2, Zergling x2  
  58  7:29  Centrifical Hooks  
  56  7:39  Baneling x3  
  56  7:41  Zergling x6  
  59  7:48  Queen  
  61  7:52  Baneling x3  
  61  7:53  Zergling x6  
  61  7:54  Zergling x2  
  58  8:00  Zergling x2  
  58  8:01  Zergling x6  
  58  8:05  Roach  
  58  8:10  Overseer  
  58  8:11  Drone  
  58  8:12  Drone  
  58  8:25  Zerg Missile Weapons Level 1  
  58  8:26  Drone  
  58  8:27  Drone x3  
  62  8:29  Hydralisk Den  
  61  8:37  Zergling x4  
  63  8:42  Baneling  
  63  8:43  Baneling x3  
  63  8:44  Drone  
  63  8:45  Drone x2  
  66  8:57  Zergling x10  
  66  8:58  Zergling x8  
  75  9:06  Hydralisk x2  
  65  9:27  Overlord  
  65  9:28  Hydralisk  
  65  9:29  Hydralisk x4  
  75  9:38  Hydralisk x2  
  75  9:41  Baneling  
  75  9:42  Baneling x2  
  79  9:51  Evolution Chamber  
  66  10:03  Zergling x2  
  66  10:04  Zergling x16  
Show
View Real Time Build Order
Export as new Build Order

thicc Protoss 

Build Orders:  

Get SALT Encoding   

  12  0:01  Probe  
  13  0:13  Probe  
  14  0:19  Pylon  
  14  0:25  Probe  
  15  0:33  Probe  
  15  0:41  Probe  
  15  0:42  Gateway  
  16  0:49  Assimilator  
  17  0:57  Probe  
  18  1:09  Probe  
  19  1:17  Gateway  
  19  1:21  Probe  
  20  1:31  Cybernetics Core  
  20  1:34  Assimilator, Probe  
  21  1:42  Pylon  
  21  1:46  Probe  
  22  1:58  Probe  
  22  1:59  Warp Gate  
  23  2:07  Stalker x2  
  27  2:16  Pylon  
  27  2:26  Robotics Facility  
  27  2:37  Adept x2  
  31  3:03  Nexus  
  31  3:09  Immortal  
  35  3:35  Pylon  
  35  3:38  Immortal  
  35  3:57  Shield Battery  
  35  4:06  Stalker  
  35  4:07  Stalker  
  37  4:18  Immortal  
  31  4:31  Stalker  
  33  4:38  Stalker  
  35  4:50  Probe x2  
  37  4:54  Warp Prism, Sentry  
  41  5:09  Stalker  
  43  5:17  Probe  
  43  5:19  Probe  
  45  5:34  Immortal  
  45  5:40  Probe  
  42  5:49  Probe  
  47  5:52  Probe  
  47  5:55  Sentry  
  50  6:01  Robotics Bay, Probe  
  51  6:04  Probe  
  52  6:13  Warp Prism  
  52  6:14  Probe, Pylon  
  52  6:17  Probe  
  56  6:22  Probe  
  56  6:25  Probe  
  56  6:30  Probe  
  58  6:33  Probe  
  60  6:40  Probe  
  60  6:44  Probe  
  60  6:46  Colossus  
  56  6:48  Assimilator  
  56  6:51  Assimilator  
  62  6:57  Stalker x2  
  66  7:02  Probe  
  66  7:03  Gateway  
  66  7:06  Pylon  
  67  7:11  Probe  
  68  7:16  Extended Thermal Lance  
  68  7:23  Probe x2, Pylon  
  68  7:28  Colossus  
  70  7:39  Zealot x2  
  70  7:43  Probe, Pylon  
  79  7:59  Stalker  
  79  8:00  Stalker  
  79  8:02  Probe  
  76  8:12  Colossus  
  76  8:14  Gateway  
  76  8:15  Gateway  
  72  8:27  Stalker x3  
  80  8:37  Twilight Council  
  80  8:48  Nexus  
  80  8:51  Sentry  
  80  8:54  Colossus  
  82  9:09  Stalker  
  90  9:10  Stalker  
  92  9:28  Probe  
  93  9:31  Pylon  
  93  9:48  Probe  
  93  9:49  Probe  
  101  9:55  Pylon  
  101  10:00  Stalker x3  
Tags
 
Add a new tag
Caveats
  • Supply blocks, unpowered buildings, or Contaminate may cause inaccurate times.
  • Supply counts are checked every 10 seconds.